Map: King's Cove LE

Players

Parkkatz - Winner!

  • Race: Zerg Zerg
  • League: Platinum
  • Spawn Location: 5:00

Catalyst

  • Race: Terran Terran
  • League: Diamond
  • Spawn Location: 11:00

VOD

Have the link to the VOD?

Description

Time

  • Played on: July 3, 2019, 6:09 p.m.
  • Length: 11:45
Show
View Real Time Build Order
Export as new Build Order

Parkkatz Zerg - Winner!

Build Orders: Hatch First 

Get SALT Encoding   

  12  0:01  Drone  
  13  0:13  Overlord  
  13  0:19  Drone  
  14  0:32  Drone  
  14  0:33  Drone  
  14  0:35  Drone  
  17  0:50  Drone  
  18  0:58  Hatchery  
  18  1:02  Drone  
  18  1:04  Extractor  
  17  1:17  Spawning Pool  
  16  1:19  Drone  
  16  1:23  Drone  
  18  1:29  Drone  
  19  1:40  Overlord  
  19  2:05  Queen  
  19  2:06  Zergling x4  
  23  2:11  Zergling x2  
  23  2:14  Queen  
  26  2:16  Metabolic Boost  
  26  2:21  Drone x2  
  28  2:41  Queen  
  29  2:51  Drone  
  29  2:52  Drone x4  
  29  2:55  Drone  
  35  3:08  Overlord x2  
  35  3:24  Overlord  
  35  3:34  Drone x2  
  37  3:47  Drone x3  
  37  3:48  Drone x3  
  43  3:57  Drone x3  
  46  4:02  Lair  
  46  4:04  Roach Warren  
  46  4:05  Drone x2, Evolution Chamber  
  46  4:06  Overlord x2  
  45  4:24  Extractor x2  
  43  4:38  Hatchery, Drone x3  
  45  4:39  Drone  
  45  4:40  Drone x2, Overlord  
  45  4:41  Overlord  
  48  4:47  Queen  
  48  4:49  Roach x2  
  48  4:50  Roach  
  56  5:01  Spore Crawler  
  56  5:03  Spore Crawler  
  56  5:04  Zerg Missile Weapons Level 1  
  54  5:12  Glial Reconstitution  
  54  5:23  Drone  
  54  5:24  Overlord x2  
  54  5:25  Overseer  
  55  5:29  Extractor  
  56  5:35  Roach  
  56  5:36  Zergling x8  
  56  5:37  Zergling x10  
  56  5:38  Zergling x4  
  56  5:42  Drone  
  68  5:50  Drone  
  68  5:51  Drone, Queen  
  72  5:57  Drone  
  72  6:01  Drone x2  
  72  6:02  Drone x3  
  78  6:22  Drone x3  
  78  6:23  Drone x2  
  78  6:25  Spore Crawler, Drone  
  83  6:38  Drone, Baneling Nest  
  83  6:41  Roach x6  
  83  6:42  Roach  
  97  6:51  Overlord x2  
  99  6:54  Roach x4  
  105  7:09  Drone x4  
  105  7:11  Extractor  
  105  7:14  Roach x5, Extractor  
  105  7:25  Ravager  
  105  7:26  Ravager x5  
  105  7:28  Roach x6  
  121  7:35  Centrifical Hooks  
  121  7:36  Overlord  
  121  7:37  Overlord x3  
  121  7:55  Overlord x2  
  121  8:00  Hydralisk Den  
  121  8:02  Zerg Missile Weapons Level 2  
  121  8:04  Drone, Evolution Chamber  
  121  8:05  Drone x3  
  122  8:06  Drone x2, Evolution Chamber  
  122  8:08  Drone x2, Overlord x2  
  126  8:26  Roach  
  126  8:27  Roach x10  
  148  8:30  Muscular Augments  
  148  8:35  Zerg Ground Armor Level 1  
  148  8:53  Hatchery  
  147  9:02  Zergling x2  
  148  9:03  Zergling x28  
  148  9:08  Zerg Melee Weapons Level 1  
  162  9:16  Overlord  
  162  9:17  Overlord x4  
  162  9:32  Baneling x2  
  162  9:33  Baneling x3  
  121  9:53  Drone x4  
  121  9:54  Drone x10  
  122  10:18  Hydralisk x10  
  142  10:22  Grooved Spines  
  142  10:32  Drone x2, Extractor  
  142  10:33  Drone, Extractor  
  142  10:35  Hydralisk  
  143  10:36  Hydralisk x6  
  143  10:40  Zergling x2  
  143  10:41  Zergling x4  
  160  10:48  Drone x3  
  160  10:49  Drone x3  
  166  10:52  Hydralisk  
  168  11:03  Hydralisk  
  168  11:04  Hydralisk x7  
  187  11:18  Zergling x2  
  187  11:19  Zergling x12  
  187  11:20  Baneling  
  187  11:21  Baneling x5  
Show
View Real Time Build Order
Export as new Build Order

Catalyst Terran 

Build Orders: Reaper Expand 

Get SALT Encoding   

  12  0:01  SCV  
  13  0:15  Supply Depot  
  13  0:18  SCV  
  14  0:30  SCV  
  15  0:38  Barracks  
  15  0:42  SCV  
  16  0:52  Refinery  
  16  0:54  SCV  
  17  1:06  SCV  
  18  1:18  SCV  
  19  1:30  Command Center  
  19  1:35  Reaper  
  20  1:40  SCV  
  21  1:53  Orbital Command  
  21  2:08  Barracks  
  21  2:21  Supply Depot  
  21  2:24  Factory  
  21  2:27  Barracks Tech Lab  
  21  2:44  SCV x2  
  23  2:56  Marine, SCV x2  
  26  3:06  Barracks Reactor  
  26  3:13  Orbital Command  
  26  3:14  Marine, Factory Tech Lab  
  27  3:22  Refinery, SCV  
  28  3:34  SCV  
  29  3:40  Siege Tank  
  32  3:46  Barracks  
  31  3:50  Supply Depot x2  
  31  3:57  Marine x2  
  31  4:02  SCV x2  
  35  4:07  Refinery  
  35  4:09  Refinery  
  35  4:14  SCV  
  35  4:24  SCV  
  36  4:26  SCV  
  37  4:32  Starport  
  37  4:36  SCV  
  37  4:38  SCV  
  39  4:39  Engineering Bay  
  39  4:41  Engineering Bay  
  39  4:45  Barracks Reactor  
  39  4:48  SCV  
  39  4:50  SCV  
  39  4:51  Marine x3  
  44  4:54  Stimpack  
  44  4:58  Siege Tank  
  47  5:00  SCV  
  47  5:02  SCV  
  49  5:09  Terran Infantry Weapons Level 1  
  49  5:12  SCV  
  50  5:14  SCV  
  50  5:15  Terran Infantry Armor Level 1  
  50  5:19  Starport Reactor  
  50  5:21  Marine x5  
  53  5:24  SCV  
  53  5:26  SCV  
  58  5:36  SCV  
  58  5:38  Marine  
  58  5:39  Marine x2  
  62  5:45  Supply Depot x2  
  62  5:47  Supply Depot  
  62  6:06  Marine x5  
  62  6:11  SCV x2  
  69  6:16  Supply Depot  
  69  6:18  Armory  
  69  6:23  SCV  
  69  6:24  Marine  
  68  6:39  Viking x2  
  72  6:40  Marine x4  
  72  6:41  Siege Tank  
  72  6:42  Marine  
  80  6:55  Combat Shield  
  80  6:58  Marine x2  
  82  7:09  Medivac x2  
  81  7:33  Siege Tank  
  81  7:34  Marine x4  
  81  7:35  Marine  
  89  7:39  Medivac x2  
  93  7:52  Marine  
  94  7:59  Supply Depot x2  
  94  8:04  Command Center  
  94  8:20  Marine x3, Siege Tank, Medivac  
  94  8:21  Marine x2, Medivac  
  94  8:23  Supply Depot  
  94  8:24  Supply Depot  
  106  8:38  Marine x2, Marauder  
  110  8:44  Marine x2  
  110  8:45  SCV x2  
  114  8:50  Medivac  
  114  8:51  Medivac  
  114  8:52  Siege Tank  
  121  8:55  Marine x2  
  121  8:57  SCV  
  121  9:02  Marine x3  
  119  9:03  Liberator x2  
  121  9:13  Marine x2  
  123  9:20  Marauder  
  131  9:24  Siege Tank  
  92  9:56  Siege Tank  
  87  10:05  Marine x2  
  87  10:06  Marine x3  
  89  10:23  Marine  
  89  10:24  Marine x2  
  94  10:28  Siege Tank  
  94  10:31  Barracks Reactor  
  95  10:41  Marine x3  
  98  10:51  Medivac x2  
  102  10:59  Marine x3  
  102  11:01  Siege Tank  
  108  11:16  Marine  
  108  11:17  Marine x2  
Tags
 
Add a new tag
Caveats
  • Supply blocks, unpowered buildings, or Contaminate may cause inaccurate times.
  • Supply counts are checked every 10 seconds.